GULF
DUNEDIN RANGERS @ ST. PETE CARDINALS
07/14/1982
 
TOP OF THE 1ST
Port Arthur Pirates batting - Pitching for Tampa Twisters : LHP Raul Morales
Pitching: LHP Raul Morales
Batting: RHB Enrique Collado 0-0: Ball
1-0: Ball
2-0: Foul Ball, location: 2F
2-1: Fly out, F8 (Line Drive, 8RD, EV 103.8 MPH)
Batting: RHB Jeffrey Whelan 0-0: Foul Ball, location: 2F
0-1: DOUBLE (Line Drive, 89XD, EV 105.6 MPH)
Batting: RHB Charles Tillett 0-0: Swinging Strike
0-1: Swinging Strike
0-2: Foul Ball, location: 2F
0-2: Strikes out looking
Batting: RHB Stanley Haas 0-0: Called Strike
0-1: Ball
1-1: Swinging Strike
1-2: Strikes out looking
Top of the 1st over - 0 runs, 1 hit, 0 errors, 1 left on base; Port Arthur 0 - Tampa 0
BOTTOM OF THE 1ST
Tampa Twisters batting - Pitching for Port Arthur Pirates : RHP Jose Alonso
Pitching: RHP Jose Alonso
Batting: RHB John Hotchkiss 0-0: Ball
1-0: Ball
2-0: SINGLE (Groundball, 4MD, EV 99.4 MPH)
Batting: RHB Charlie Smith 0-0: Ball
1-0: Called Strike
1-1: Fly out, F7 (Flyball, 78S, EV 96.3 MPH)
Batting: LHB Greg Smith 0-0: Called Strike
0-1: Ball
1-1: Ball
2-1: Fielders Choice at 2nd, 5-4 (Groundball, 56, EV 103.8 MPH)
Batting: RHB Jim Presley 0-0: Ball
1-0: Called Strike
1-1: Called Strike
1-2: Fielders Choice at 2nd, 5-4 (Groundball, 56, EV 98.1 MPH)
Bottom of the 1st over - 0 runs, 1 hit, 0 errors, 1 left on base; Port Arthur 0 - Tampa 0
TOP OF THE 2ND
Port Arthur Pirates batting - Pitching for Tampa Twisters : LHP Raul Morales
Batting: RHB Jackie Gutierrez 0-0: Called Strike
0-1: Reached on error, E5 (Groundball, 56S, EV 84.4 MPH)
Batting: LHB Michael Jones 0-0: Called Strike
0-1: Ball
1-1: Swinging Strike
1-2: Strikes out swinging
Batting: RHB Michael Guerra 0-0: Reached on error, E5 (Groundball, 56S, EV 90.0 MPH)
Jackie Gutierrez scores
Batting: RHB Jackie Talley 0-0: Ball
1-0: Ball
2-0: DOUBLE (Line Drive, 7LS, EV 100.6 MPH)
Michael Guerra scores
Batting: LHB Michael Bertalot 0-0: Foul Ball, location: 2F
0-1: Foul Ball, location: 2F
0-2: Foul Ball, location: 2F
0-2: Strikes out swinging
Batting: RHB Enrique Collado 0-0: Called Strike
0-1: Fly out, F9 (Flyball, 9D, EV 80.6 MPH)
Top of the 2nd over - 2 runs, 1 hit, 2 errors, 1 left on base; Port Arthur 2 - Tampa 0
BOTTOM OF THE 2ND
Tampa Twisters batting - Pitching for Port Arthur Pirates : RHP Jose Alonso
Batting: SHB Mickey Tettleton 0-0: Ball
1-0: Ball
2-0: Ball
3-0: Called Strike
3-1: Swinging Strike
3-2: Strikes out looking
Batting: RHB Alvaro Espinoza 0-0: Ball
1-0: Swinging Strike
1-1: Ball
2-1: Foul Ball, location: 2F
2-2: Ball
3-2: Foul Ball, location: 2F
3-2: Fly out, F8 (Flyball, 78M, EV 82.5 MPH)
Batting: LHB John Stefero 0-0: Ball
1-0: Called Strike
1-1: Ground out U3 (Groundball, 3, EV 84.4 MPH)
Bottom of the 2nd over - 0 runs, 0 hits, 0 errors, 0 left on base; Port Arthur 2 - Tampa 0
TOP OF THE 3RD
Port Arthur Pirates batting - Pitching for Tampa Twisters : LHP Raul Morales
Batting: RHB Jeffrey Whelan 0-0: Ball
1-0: Ball
2-0: Foul Ball, location: 2F
2-1: Ball
3-1: Swinging Strike
3-2: Foul Ball, location: 2F
3-2: Foul Ball, location: 2F
3-2: Base on Balls
Batting: RHB Charles Tillett 0-0: Ball
1-0: Fly out, F7 (Flyball, 7S, EV 90.0 MPH)
Batting: RHB Stanley Haas 0-0: Ball
Jeffrey Whelan steals 2nd base
1-0: Called Strike
1-1: Ball
2-1: Called Strike
Jeffrey Whelan steals 3rd base
2-2: Ground out 6-3 (Groundball, 6, EV 88.8 MPH)
Jeffrey Whelan scores
Batting: RHB Jackie Gutierrez 0-0: Called Strike
0-1: Ball
1-1: Swinging Strike
1-2: Foul Ball, location: 2F
1-2: Fly out, F8 (Flyball, 8LD, EV 90.6 MPH)
Top of the 3rd over - 1 run, 0 hits, 0 errors, 0 left on base; Port Arthur 3 - Tampa 0
BOTTOM OF THE 3RD
Tampa Twisters batting - Pitching for Port Arthur Pirates : RHP Jose Alonso
Batting: RHB Edward Santos 0-0: Called Strike
0-1: Ground out U3 (Groundball, 3, EV 88.8 MPH)
Batting: RHB Wilmer Caraballo 0-0: Called Strike
0-1: Swinging Strike
0-2: Fly out, F6 (Line Drive, 6, EV 73.1 MPH)
Batting: RHB John Hotchkiss 0-0: Called Strike
0-1: Fly out, F8 (Flyball, 8RS, EV 80.6 MPH)
Bottom of the 3rd over - 0 runs, 0 hits, 0 errors, 0 left on base; Port Arthur 3 - Tampa 0
TOP OF THE 4TH
Port Arthur Pirates batting - Pitching for Tampa Twisters : LHP Raul Morales
Batting: LHB Michael Jones 0-0: Foul Ball, location: 2F
0-1: Ball
1-1: Called Strike
1-2: SINGLE (Groundball, 34D, EV 110.0 MPH)
Batting: RHB Michael Guerra 0-0: Called Strike
0-1: Ball
1-1: Called Strike
1-2: Foul Ball, location: 2F
1-2: Ball
2-2: Ball
3-2: Strikes out swinging
Batting: RHB Jackie Talley 0-0: Grounds into double play, 5-4-3 (Groundball, 56, EV 87.5 MPH)
Top of the 4th over - 0 runs, 1 hit, 0 errors, 0 left on base; Port Arthur 3 - Tampa 0
BOTTOM OF THE 4TH
Tampa Twisters batting - Pitching for Port Arthur Pirates : RHP Jose Alonso
Batting: RHB Charlie Smith 0-0: Foul Ball, location: 2F
0-1: Called Strike
0-2: Ball
1-2: Ball
2-2: Ball
3-2: Strikes out swinging
Batting: LHB Greg Smith 0-0: Ball
1-0: Ball
2-0: Called Strike
2-1: Swinging Strike
2-2: Strikes out swinging
Batting: RHB Jim Presley 0-0: Ball
1-0: Called Strike
1-1: Ball
2-1: SINGLE (Flyball, 7S, EV 92.5 MPH)
Batting: SHB Mickey Tettleton 0-0: Ball
Jim Presley is caught stealing 2nd base 2-6
Bottom of the 4th over - 0 runs, 1 hit, 0 errors, 0 left on base; Port Arthur 3 - Tampa 0
TOP OF THE 5TH
Port Arthur Pirates batting - Pitching for Tampa Twisters : LHP Raul Morales
Batting: LHB Michael Bertalot 0-0: Ball
1-0: Ground out 4-3 (Groundball, 4, EV 78.1 MPH)
Batting: RHB Enrique Collado 0-0: Called Strike
0-1: SINGLE (Line Drive, 8LS, EV 112.5 MPH)
Batting: RHB Jeffrey Whelan 0-0: Ball
1-0: Ball
2-0: Ball
3-0: Called Strike
3-1: Base on Balls
Enrique Collado to second
Batting: RHB Charles Tillett 0-0: Swinging Strike
0-1: Foul Ball, location: 2F
0-2: Strikes out looking
Batting: RHB Stanley Haas 0-0: Ball
1-0: Called Strike
1-1: SINGLE (Line Drive, 7S, EV 109.4 MPH)
Enrique Collado to third
Jeffrey Whelan to second
Batting: RHB Jackie Gutierrez 0-0: Ball
1-0: Swinging Strike
1-1: Swinging Strike
1-2: Strikes out swinging
Top of the 5th over - 0 runs, 2 hits, 0 errors, 3 left on base; Port Arthur 3 - Tampa 0
BOTTOM OF THE 5TH
Tampa Twisters batting - Pitching for Port Arthur Pirates : RHP Jose Alonso
Batting: SHB Mickey Tettleton 0-0: Called Strike
0-1: Ball
1-1: Ball
2-1: Foul Ball, location: 2F
2-2: Strikes out swinging
Batting: RHB Alvaro Espinoza 0-0: Ball
1-0: Called Strike
1-1: Swinging Strike
1-2: Strikes out swinging
Batting: LHB John Stefero 0-0: Foul Ball, location: 2F
0-1: Ball
1-1: Called Strike
1-2: Foul Ball, location: 2F
1-2: Ball
2-2: Fly out, F8 (Line Drive, 8LM, EV 106.3 MPH)
Bottom of the 5th over - 0 runs, 0 hits, 0 errors, 0 left on base; Port Arthur 3 - Tampa 0
TOP OF THE 6TH
Port Arthur Pirates batting - Pitching for Tampa Twisters : LHP Raul Morales
Batting: LHB Michael Jones 0-0: Ball
1-0: Ball
2-0: Called Strike
2-1: Called Strike
2-2: Foul Ball, location: 2F
2-2: Ground out 4-3 (Groundball, 4, EV 85.0 MPH)
Batting: RHB Michael Guerra 0-0: Ball
1-0: Called Strike
1-1: Ground out 5-3 (Groundball, 56, EV 88.8 MPH)
Batting: RHB Jackie Talley 0-0: Ball
1-0: Called Strike
1-1: Ball
2-1: Foul Ball, location: 2F
2-2: Ground out 5-3 (Groundball, 56S, EV 85.6 MPH)
Top of the 6th over - 0 runs, 0 hits, 0 errors, 0 left on base; Port Arthur 3 - Tampa 0
BOTTOM OF THE 6TH
Tampa Twisters batting - Pitching for Port Arthur Pirates : RHP Jose Alonso
Batting: RHB Edward Santos 0-0: Ball
1-0: Ball
2-0: Ball
3-0: Base on Balls
Batting: RHB Wilmer Caraballo 0-0: Swinging Strike
0-1: Called Strike
0-2: Ball
1-2: Ball
2-2: Strikes out looking
Batting: RHB John Hotchkiss 0-0: Ball
1-0: Ball
2-0: Ball
Wild Pitch!
Edward Santos to second
3-0: Called Strike
3-1: Foul Ball, location: 2F
3-2: Base on Balls
Batting: RHB Charlie Smith 0-0: Called Strike
0-1: Fielders Choice at 2nd, 1-6 (Groundball, 13S, EV 69.4 MPH)
Edward Santos to third
Batting: LHB Greg Smith 0-0: Ball
1-0: Ball
2-0: Ball
3-0: Called Strike
3-1: Ground out U3 (Groundball, 3, EV 81.3 MPH)
Bottom of the 6th over - 0 runs, 0 hits, 0 errors, 2 left on base; Port Arthur 3 - Tampa 0
TOP OF THE 7TH
Port Arthur Pirates batting - Pitching for Tampa Twisters : LHP Raul Morales
Pitching: LHP Stan Clarke
Batting: LHB Michael Bertalot 0-0: Ground out U3 (Groundball, 3, EV 86.9 MPH)
Batting: RHB Enrique Collado 0-0: Called Strike
0-1: Foul Ball, location: 2F
0-2: Strikes out swinging
Batting: RHB Jeffrey Whelan 0-0: Swinging Strike
0-1: Called Strike
0-2: Foul Ball, location: 2F
0-2: Foul Ball, location: 2F
0-2: Strikes out swinging
Top of the 7th over - 0 runs, 0 hits, 0 errors, 0 left on base; Port Arthur 3 - Tampa 0
BOTTOM OF THE 7TH
Tampa Twisters batting - Pitching for Port Arthur Pirates : RHP Jose Alonso
Batting: RHB Jim Presley 0-0: Called Strike
0-1: Foul Ball, location: 2F
0-2: Ball
1-2: Fly out, F9 (Flyball, 9D, EV 95.0 MPH)
Batting: SHB Mickey Tettleton 0-0: SINGLE (Line Drive, 89S, EV 98.1 MPH)
Batting: RHB Alvaro Espinoza 0-0: Ball
1-0: Foul Ball, location: 2F
1-1: Foul Ball, location: 2F
1-2: Foul Ball, location: 2F
1-2: Grounds into double play, 4-6-3 (Groundball, 4, EV 91.9 MPH)
Bottom of the 7th over - 0 runs, 1 hit, 0 errors, 0 left on base; Port Arthur 3 - Tampa 0
TOP OF THE 8TH
Port Arthur Pirates batting - Pitching for Tampa Twisters : LHP Stan Clarke
Batting: RHB Charles Tillett 0-0: Called Strike
0-1: Foul Ball, location: 2F
0-2: Ball
1-2: Fly out, F8 (Flyball, 8LS, EV 88.1 MPH)
Batting: RHB Stanley Haas 0-0: Called Strike
0-1: Called Strike
0-2: Foul Ball, location: 2F
0-2: Foul Ball, location: 2F
0-2: Strikes out swinging
Batting: RHB Jackie Gutierrez 0-0: Ball
1-0: Called Strike
1-1: Foul Ball, location: 2F
1-2: Fly out, F8 (Flyball, 8LD, EV 99.4 MPH)
Top of the 8th over - 0 runs, 0 hits, 0 errors, 0 left on base; Port Arthur 3 - Tampa 0
BOTTOM OF THE 8TH
Tampa Twisters batting - Pitching for Port Arthur Pirates : RHP Jose Alonso
Batting: LHB John Stefero 0-0: Ball
1-0: Ball
2-0: Ball
3-0: Base on Balls
Batting: RHB Edward Santos 0-0: Called Strike
0-1: Foul Ball, location: 2F
0-2: Ball
1-2: Ball
2-2: Strikes out swinging
Batting: RHB Wilmer Caraballo 0-0: Swinging Strike
0-1: Grounds into double play, 4-6-3 (Groundball, 4, EV 84.4 MPH)
Bottom of the 8th over - 0 runs, 0 hits, 0 errors, 0 left on base; Port Arthur 3 - Tampa 0
TOP OF THE 9TH
Port Arthur Pirates batting - Pitching for Tampa Twisters : LHP Stan Clarke
Batting: LHB Michael Jones 0-0: Swinging Strike
0-1: Foul Ball, location: 2F
0-2: Ball
1-2: Ball
2-2: Strikes out looking
Batting: RHB Michael Guerra 0-0: Swinging Strike
0-1: Ball
1-1: Called Strike
1-2: Strikes out swinging
Batting: RHB Jackie Talley 0-0: Ball
1-0: DOUBLE (Line Drive, 7LS, EV 94.4 MPH)
Pitching: RHP Moe Gordon
Batting: LHB Michael Bertalot 0-0: Ball
1-0: Ball
2-0: Foul Ball, location: 2F
2-1: Foul Ball, location: 2F
2-2: Strikes out swinging
Top of the 9th over - 0 runs, 1 hit, 0 errors, 1 left on base; Port Arthur 3 - Tampa 0
BOTTOM OF THE 9TH
Tampa Twisters batting - Pitching for Port Arthur Pirates : RHP Jose Alonso
Batting: RHB John Hotchkiss 0-0: Foul Ball, location: 2F
0-1: Ball
1-1: Ball
2-1: Ball
3-1: Base on Balls
Pitching: RHP Harold Jackson
Batting: RHB Charlie Smith 0-0: Called Strike
0-1: Fly out, F8 (Line Drive, 8LD, EV 104.4 MPH)
Batting: LHB Greg Smith 0-0: Called Strike
0-1: Ball
1-1: Foul Ball, location: 2F
1-2: Ball
2-2: Foul Ball, location: 2F
2-2: Foul Ball, location: 2F
2-2: Ball
3-2: Foul Ball, location: 2F
3-2: DOUBLE (Groundball, 5L, EV 98.1 MPH)
John Hotchkiss to third
Batting: RHB Jim Presley 0-0: Ball
Wild Pitch!
John Hotchkiss scores
Greg Smith to third
1-0: Swinging Strike
1-1: Ball
2-1: Fly out, F4 (Popup, 34S, EV 78.1 MPH)
Batting: SHB Mickey Tettleton 0-0: 2-RUN HOME RUN (Flyball, 7LD, EV 99.4 MPH), Distance : 327 ft
Batting: RHB Alvaro Espinoza 0-0: Foul Ball, location: 2F
0-1: Fly out, F4 (Popup, 23, EV 77.5 MPH)
Bottom of the 9th over - 3 runs, 2 hits, 0 errors, 0 left on base; Port Arthur 3 - Tampa 3
TOP OF THE 10TH
Port Arthur Pirates batting - Pitching for Tampa Twisters : RHP Moe Gordon
Pinch Hitting: LHB Mike Lebo 0-0: Called Strike
0-1: Ball
1-1: Swinging Strike
1-2: Ball
2-2: SOLO HOME RUN (Flyball, 89XD, EV 86.9 MPH), Distance : 389 ft
Batting: RHB Jeffrey Whelan 0-0: Ball
1-0: Ball
2-0: Ball
3-0: Called Strike
3-1: Called Strike
3-2: DOUBLE (Groundball, 5L, EV 110.0 MPH)
Batting: RHB Charles Tillett 0-0: Ball
Jeffrey Whelan is caught stealing 3rd base 2-5
1-0: Called Strike
1-1: Called Strike
1-2: Foul Ball, location: 2F
1-2: Ball
2-2: DOUBLE (Flyball, 8RD, EV 101.9 MPH)
Batting: RHB Stanley Haas 0-0: Ball
1-0: Ball
2-0: Ball
3-0: Called Strike
3-1: Swinging Strike
3-2: Base on Balls
Pitching: RHP Greg Booker
Batting: RHB Jackie Gutierrez 0-0: Fielders Choice at 2nd, 6-4 (Groundball, 6, EV 83.1 MPH)
Charles Tillett to third
Batting: LHB Michael Jones 0-0: Ball
1-0: Called Strike
1-1: Ball
2-1: Ball
3-1: Base on Balls
Jackie Gutierrez to second
Batting: RHB Michael Guerra 0-0: Ball
1-0: SINGLE (Line Drive, 7S, EV 106.9 MPH)
Charles Tillett scores
Jackie Gutierrez to third
Michael Jones to second
Runner from 3rd tries for Home, SAFE, no throw by LF
Batting: RHB Jackie Talley 0-0: Called Strike
0-1: 3-RUN HOME RUN (Flyball, 7LD, EV 112.5 MPH), Distance : 346 ft
Pitching: RHP Bruce Reyna
Batting: LHB Michael Bertalot 0-0: Ball
1-0: Ball
2-0: SINGLE (Groundball, 4MD, EV 100.6 MPH)
Batting: LHB Mike Lebo 0-0: Called Strike
0-1: Ball
1-1: Swinging Strike
1-2: Foul Ball, location: 2F
1-2: Foul Ball, location: 2F
1-2: Foul Ball, location: 2F
1-2: Ball
2-2: Foul Ball, location: 2F
2-2: Ball
3-2: Strikes out swinging
Top of the 10th over - 6 runs, 6 hits, 0 errors, 1 left on base; Port Arthur 9 - Tampa 3
BOTTOM OF THE 10TH
Tampa Twisters batting - Pitching for Port Arthur Pirates : RHP Harold Jackson
Now at 2B: Richard Yraguen
Batting: LHB John Stefero 0-0: Ball
1-0: Ball
2-0: Called Strike
2-1: Ball
3-1: Base on Balls
Batting: RHB Edward Santos 0-0: Ball
1-0: Grounds out, U3 (Groundball, 3L, EV 83.1 MPH)
Batting: RHB Wilmer Caraballo 0-0: SINGLE (Line Drive, 34D, EV 98.1 MPH)
John Stefero to third
Batting: RHB John Hotchkiss 0-0: Fly out, F7 (Flyball, 7S, EV 73.1 MPH)
Batting: RHB Charlie Smith 0-0: Ball
1-0: Called Strike
1-1: Ball
2-1: Foul Ball, location: 2F
2-2: Ball
3-2: Ground out 1-3 (Groundball, 34S, EV 63.1 MPH)
Bottom of the 10th over - 0 runs, 1 hit, 0 errors, 2 left on base; Port Arthur 9 - Tampa 3
Friday, August 14th, 2020 - OOTP Baseball 21.5 Build 76